Cogmind - Beta 17 @@@ ROGUE MODE // 2026.07.04 @ 14:33:58 Player: void Result: Self-destructed Performance ------------- Evolutions (2) 1000 Regions Visited (3) 600 Robots Destroyed (28) 140 Value Destroyed (731) 731 Prototype IDs (0) 0 Alien Tech Used (0) 0 Bonus (0) 0 TOTAL SCORE: 2471 Bonus ------- None Cogmind --------- Core Integrity 303/550 Matter 280/300 Energy 92/100 System Corruption 2% Temperature Cool (0) Movement Treading (160) Location -8/Materials Parts ------- > --- POWER (2) -------- (None) > --- PROPULSION (3) --- Light Treads > --- UTILITY (4) ------ Improved Heat Sink > --- WEAPON (2) ------- Medium Laser Plasma Cutter > --- INVENTORY (5) ---- Sensor Array Beam Rifle Peak State ------------ > --- POWER ------------ Light Deuterium Engine Light Nuclear Core > --- PROPULSION ------- Wheel Armored Wheel > --- UTILITY ---------- Improved Heat Sink Small Storage Unit Improved Terrain Scanner Seismic Detector > --- WEAPON ----------- Assault Cannon Assault Cannon > --- INVENTORY -------- Aluminum Leg Improved Heat Sink Sensor Array Medium Laser Medium Laser Medium Laser Plasma Cutter [Rating: 24] Favorites ----------- Power Ion Engine Engine Ion Engine Power Core Light Nuclear Core Propulsion Wheel Treads Light Treads Leg Aluminum Leg Wheel Wheel Utility Small Storage Unit Device Seismic Detector Storage Small Storage Unit Weapon Assault Cannon Energy Gun Medium Laser Ballistic Cannon Assault Cannon Special Weapon Plasma Cutter Build | -11 -10 -9 -8 ------- Run | Yrd Mat Mat Mat Slots Evolved 4 | . . 2 2 Power 1 | . . . 1 Propulsion 1 | . . 1 . Utility 2 | . . 1 1 Weapon . | . . . . Parts Attached 24 | 7 1 8 8 Power 5 | 1 . 1 3 Engine 4 | 1 . 1 2 Core 1 | . . . 1 Reactor . | . . . . Propulsion 7 | 2 . 3 2 Treads 1 | . . . 1 Leg 3 | 2 . . 1 Wheel 3 | . . 3 . Hover . | . . . . Flight . | . . . . Utility 5 | 2 . 2 1 Device 4 | 1 . 2 1 Storage 1 | 1 . . . Processor . | . . . . Hackware . | . . . . Protection . | . . . . Artifact . | . . . . Weapon 7 | 2 1 2 2 Energy Gun 4 | 2 1 . 1 Energy Cannon . | . . . . Ballistic Gun . | . . . . Ballistic Cannon 2 | . . 2 . Launcher . | . . . . Special Weapon 1 | . . . 1 Impact Weapon . | . . . . Slashing Weapon . | . . . . Piercing Weapon . | . . . . Special Melee Weapon . | . . . . Unidentified Prototypes . | . . . . Parts Lost 18 | . . 1 17 Power 5 | . . . 5 Propulsion 5 | . . 1 4 Utility 4 | . . . 4 Weapon 4 | . . . 4 Highest Loss Streak 14 | . . 1 14 To Critical Strikes . | . . . . Average Backups 4 | . 1 6 6 Power . | . . . . Propulsion . | . . . . Utility 1 | . 1 1 1 Weapon 2 | . . 3 2 Tool/Special . | . . . . Unused Backups 2 | . . 1 1 Power . | . . . . Propulsion . | . . . . Utility 1 | . . . 1 Weapon 1 | . . 1 . Tool/Special . | . . . . Average Slot Usage (%) 92 | . 100 97 75 Engine 11 | . 14 11 10 Leg 6 | . 28 2 . Wheel 21 | . . 29 18 Device 19 | . 14 21 19 Storage 10 | . 14 11 7 Energy Gun 9 | . 28 7 3 Ballistic Cannon 11 | . . 14 12 Peak Build Rating 24 | 7 7 18 24 Average Rating 13 | 5 7 15 17 On Entrance 8 | . 7 7 18 Avg Prop Armor Cover (%) 6 | . . 6 . Naked Turns . | . . . . Heaviest Build 29 | 14 15 24 29 Greatest Support 32 | 20 20 32 32 Greatest Overweight (x) 3 | 2 . 1 3 Average Overweight (x) . | . . . . Largest Inventory Capacity 8 | 8 8 8 8 Average Capacity 7 | 7 8 8 7 Most Carried 8 | 1 5 8 8 Average Carried 4 | . 1 6 5 Final Capacity 8 | 8 8 8 5 Final Carried 8 | 1 5 8 2 Class Distribution -------------------- 100% | Mutant Dominant Class ---------------- Mutant | -10/Materials Mutant | -9/Materials Mutant | -8/Materials Resources | -11 -10 -9 -8 ----------- Run | Yrd Mat Mat Mat Matter Collected 876 | 259 . 367 250 Remotely . | . . . . Salvage Created 790 | 154 45 281 310 Parts 49 | 14 1 21 13 Haulers Intercepted . | . . . . Recyclers Shooed . | . . . . Parts Field Recycled . | . . . . Retrieved Matter . | . . . . Parts Self-Destructed . | . . . . Prevented . | . . . . Parts Restored . | . . . . Kills | -11 -10 -9 -8 ------- Run | Yrd Mat Mat Mat Combat Hostiles Destroyed 21 | . 1 13 7 Guns 6 | . 1 4 1 Cannons 15 | . . 9 6 Classes Destroyed 7 | 2 1 3 1 Tunneler 4 | 4 . . . Recycler 1 | 1 . . . Watcher 2 | . . 2 . Swarmer 7 | . . 7 . Grunt 8 | . 1 5 2 Brawler 1 | . . . 1 Sentry 5 | . . 1 4 Best Kill Streak 4 | 3 1 4 3 Combat Bots Only 4 | . 1 4 3 Max Kills in Single Turn 1 | 1 1 1 1 Gunslinging . | . . . . Exploded . | . . . . Melee . | . . . . Uniques/NPCs Destroyed . | . . . . Combat | -11 -10 -9 -8 -------- Run | Yrd Mat Mat Mat Hostile Shots Fired 190 | . 12 65 113 Missed 41 | . 1 12 28 Hits 149 | . 11 53 85 Projectile 149 | . 11 53 85 Critical Strikes 2 | . 1 . 1 Damage Taken 1964 | . 165 515 1284 Core 370 | . 28 95 247 Absorbed by Shields . | . . . . Regen/Repaired (Parts) 12 | . . 12 . Core Remaining (%) 88 | 100 88 76 . Volleys Fired 93 | 12 8 42 31 Largest 2 | 2 2 2 2 Hottest 100 | 90 90 100 100 Shots Fired 172 | 24 16 83 49 Gun 80 | 24 16 26 14 Cannon 85 | . . 57 28 Launcher . | . . . . Special 7 | . . . 7 Kinetic 85 | . . 57 28 Thermal 87 | 24 16 26 21 Explosive . | . . . . Electromagnetic . | . . . . Robot Hit Streak 11 | 8 2 6 11 Robot Miss Streak 6 | 3 6 5 2 Penetration Max . | . . . . Secondary Targets 1 | . . 1 . Max Gunslinging Chain 1 | . . 1 . Shots Hit Robots 102 | 15 7 40 40 Core Hits 41 | 6 3 16 16 Critical Kills . | . . . . Critical Parts Destroyed . | . . . . Critical Strikes 6 | . 1 4 1 Burn 4 | . 1 2 1 Blast 2 | . . 2 . Melee Attacks . | . . . . Impact . | . . . . Slashing . | . . . . Piercing . | . . . . Sneak Attacks . | . . . . Combat Hostiles . | . . . . Follow-up Attacks . | . . . . Damage Inflicted 1834 | 180 80 833 741 Guns 572 | 180 80 150 162 Cannons 1160 | . . 683 477 Explosions . | . . . . Melee . | . . . . Ramming 27 | . . . 27 Kinetic 1160 | . . 683 477 Thermal 647 | 180 80 150 237 Explosive . | . . . . Electromagnetic . | . . . . Impact . | . . . . Slashing . | . . . . Piercing . | . . . . Highest Corruption 2 | . . . 2 Average Corruption 2 | . . . 2 Corruption Purged . | . . . . Corruption Blocked . | . . . . Effects 3 | . . . 3 Message Errors 1 | . . . 1 Matter Fused 1 | . . . 1 Heat Flow Errors 1 | . . . 1 Overload Shots . | . . . . Overflow Damage 13 | . . 13 . Projectiles 13 | . . 13 . Explosions . | . . . . Melee . | . . . . Knockbacks 13 | . . 9 4 Impact . | . . . . Kinetic 12 | . . 8 4 Secondary 1 | . . 1 . Self-Inflicted Damage 7 | . . . 7 Shots . | . . . . Rammed 10 | . . . 10 Targets Rammed 21 | . . . 21 Kicked 11 | . . . 11 Crushed . | . . . . Highest Temperature 343 | 160 343 264 166 Average Temperature 75 | 53 179 56 67 Received Heat Transfer 867 | . 117 111 639 Effects 4 | . 4 . . Shutdowns 1 | . 1 . . Interference 3 | . 3 . . Siege Activations . | . . . . Martial Activations . | . . . . Shielding Activations . | . . . . Robots Disrupted . | . . . . Combat Hostiles . | . . . . Robots Corrupted . | . . . . Combat Hostiles . | . . . . Parts Fried . | . . . . Impact Corruptions . | . . . . Robots Melted . | . . . . Combat Hostiles . | . . . . Parts Melted 3 | 1 . 1 1 Heat Transferred 2162 | 471 285 592 814 Parts Sabotaged . | . . . . Parts Stolen . | . . . . Parts Stripped . | . . . . Power Chain Reactions . | . . . . Alert | -11 -10 -9 -8 ------- Run | Yrd Mat Mat Mat Maximum Alert Level . | . . . . Low Security (%) 100 | 100 100 100 100 Level 1 . | . . . . Level 2 . | . . . . Level 3 . | . . . . Level 4 . | . . . . Level 5 . | . . . . High Security . | . . . . Max Security . | . . . . Peak Influence 138 | 15 45 138 75 Initial 54 | . . . 54 Average 26 | 1 12 29 39 Influence Increases 670 | 25 52 381 212 Destroy 0b10 Robot/C 420 | . 20 260 140 Destroy 0b10 Robot/NC 35 | 25 . 10 . Destroy Leader 104 | . 10 44 50 Successful Hack 29 | . 7 18 4 Disable Machine 15 | . . 15 . Destroy Structure 22 | . . 19 3 Lose Combat Pursuer 45 | . 15 15 15 Influence Decreases 670 | 25 52 251 342 Entered New Map 76 | . . . 76 Time Decay 459 | 25 52 246 136 Lost Part 135 | . . 5 130 Squads Dispatched 4 | . . . 4 Investigation . | . . . . Extermination . | . . . . Reinforcement 1 | . . . 1 Assault . | . . . . Garrison 3 | . . . 3 Intercept . | . . . . Searches Triggered . | . . . . Construction Impeded . | . . . . Haulers Reinforced . | . . . . Active Scanning Responses . | . . . . Cargo Convoy Interrupts . | . . . . Stealth | -11 -10 -9 -8 --------- Run | Yrd Mat Mat Mat Distress Signals 3 | . . 2 1 Communications Jammed . | . . . . Distress Signals . | . . . . Times Spotted 31 | . 2 17 12 Peak Tracking Total 5 | . 2 5 4 Tactical Retreats 3 | . 1 1 1 Traps | -11 -10 -9 -8 ------- Run | Yrd Mat Mat Mat Traps Triggered 1 | . . . 1 Indirectly . | . . . . Trap Hack Attempts . | . . . . Triggered . | . . . . Disarmed . | . . . . Reprogrammed . | . . . . Reused . | . . . . Traps Extracted . | . . . . Installed . | . . . . Triggered . | . . . . Machines | -11 -10 -9 -8 ---------- Run | Yrd Mat Mat Mat Machines Disabled 1 | . . 1 . Max in Single Turn 1 | . . 1 . Machines Repaired . | . . . . Machines Dismantled . | . . . . Machines Sabotaged . | . . . . Overloaded Fab Kills . | . . . . Hacking | -11 -10 -9 -8 --------- Run | Yrd Mat Mat Mat Machines Accessed 6 | . 1 3 2 Terminals 5 | . 1 2 2 Fabricators . | . . . . Repair Stations 1 | . . 1 . Recycling Units . | . . . . Scanalyzers . | . . . . Garrison Access . | . . . . Total Hacks 11 | . 1 4 6 Successful 8 | . 1 4 3 Failed 3 | . . . 3 Catastrophic 1 | . . . 1 Database Lockouts . | . . . . Manual . | . . . . Terminals 9 | . 1 2 6 Fabricators . | . . . . Repair Stations 2 | . . 2 . Recycling Units . | . . . . Scanalyzers . | . . . . Garrison Access . | . . . . Terminal Hacks 6 | . 1 2 3 Alert Level 1 | . . . 1 Locate Traps 1 | . . . 1 Dispatch Records 1 | . . 1 . Recall Investigation 1 | . 1 . . Zone Layout 2 | . . 1 1 Fabricator Hacks . | . . . . Repair Station Hacks 2 | . . 2 . Scan Component 1 | . . 1 . Repair 1 | . . 1 . Recycling Unit Hacks . | . . . . Scanalyzer . | . . . . Garrison Access Hacks . | . . . . Unauthorized Hacks . | . . . . Terminals . | . . . . Fabricators . | . . . . Repair Stations . | . . . . Recycling Units . | . . . . Scanalyzers . | . . . . Garrison Access . | . . . . Data Cores Recovered . | . . . . Used . | . . . . Hacking Detections 3 | . . 1 2 Full Trace Events . | . . . . Feedback Events . | . . . . Feedback Blocked . | . . . . Robot Schematics Acquired . | . . . . Robots Built . | . . . . Authchips . | . . . . Time . | . . . . Total Robot Build Rating . | . . . . Part Schematics Acquired . | . . . . Parts Built . | . . . . Authchips . | . . . . Time . | . . . . Total Part Build Rating . | . . . . Part Studies Acquired . | . . . . Parts Repaired 1 | . . 1 . Time 26 | . . 26 . Parts Recycled . | . . . . Recycled Matter . | . . . . Retrieved Matter . | . . . . Retrieved Components . | . . . . Parts Scanalyzed . | . . . . Part Schematics Acquired . | . . . . Parts Damaged . | . . . . Bothacking | -11 -10 -9 -8 ------------ Run | Yrd Mat Mat Mat Used RIF Installer . | . . . . Robots Hacked . | . . . . Non-combat . | . . . . Combat . | . . . . Robot Hacks Applied . | . . . . Relay Couplers Released . | . . . . Fabnet Peak Effective % . | . . . . Robots Rewired . | . . . . Allies Hacked . | . . . . Hacks Repelled . | . . . . Allies | -11 -10 -9 -8 -------- Run | Yrd Mat Mat Mat Total Allies . | . . . . Largest Group . | . . . . Highest-Rated Group . | . . . . Highest-Rated Ally . | . . . . Total Orders . | . . . . Ally Attacks . | . . . . Total Damage . | . . . . Kills . | . . . . Allies Corrupted . | . . . . Allies Melted . | . . . . Intel | -11 -10 -9 -8 ------- Run | Yrd Mat Mat Mat Active Infowar (turns) 1147 | 15 152 712 268 Terrain 972 | . . 704 268 Seismic 1094 | 15 152 669 258 Robot Analysis Total . | . . . . Derelict Logs Recovered . | . . . . Drone Launches . | . . . . Drone Recoveries . | . . . . Exploration | -11 -10 -9 -8 ------------- Run | Yrd Mat Mat Mat Turns Passed 1393 | 144 212 712 325 Spaces Moved 760 | 78 131 393 158 Core 8 | 7 . . 1 Treads 1 | . . . 1 Legs 236 | 71 131 31 3 Wheels 515 | . . 362 153 Hover . | . . . . Flight . | . . . . Fastest Speed 50 | 50 120 83 80 Average Speed 97 | 124 120 86 91 Slowest Speed 200 | 190 120 190 200 Overloaded Moves . | . . . . Propulsion Burnouts . | . . . . Robots Hopped . | . . . . Potential Cave-ins . | . . . . Cave-ins Triggered . | . . . . Exploration Rate (%) 26 | 4 31 43 27 Regions Visited 3 Branch Regions . Pre-discovered Areas . | . . . . Known Exits Taken . | . . . . Unknown Exits Taken 3 | 1 1 1 . Scrap Searched . | . . . . Spaces Dug 8 | . . 8 . Terrain Destroyed 18 | . . 16 2 Melee . | . . . . Projectile 18 | . . 16 2 AOE . | . . . . Terrain Rammed . | . . . . Walls Destroyed . | . . . . Machines Disabled . | . . . . Actions | -11 -10 -9 -8 --------- Run | Yrd Mat Mat Mat Total 1219 | 97 170 676 276 Wait 294 | . 26 218 50 Move 757 | 77 130 392 158 Hop . | . . . . Pick Up 14 | 1 4 6 3 Fast Attach 13 | 7 1 2 3 Attach 12 | . . 3 9 Detach . | . . . . Swap 11 | . . 11 . Drop 3 | . 1 2 . Fire 93 | 12 8 42 31 Melee . | . . . . Ram 10 | . . . 10 Kick 11 | . . . 11 Crush . | . . . . Escape Stasis . | . . . . Rewire . | . . . . Trap . | . . . . Miscellaneous 1 | . . . 1 Route ------- -11/Scrapyard -10/Materials -9/Materials (discovered 2 exits: *Mat x2) -8/Materials (discovered 2 exits: [*Fac] / [*Sto]) History --------- Turn | Location | Event 25 | -11/Scrapyard | Discovered new exit (range 15) 145 | -11/Scrapyard | Entered Materials 278 | -10/Materials | Discovered new exit (range 16) 303 | -10/Materials | Build established: Mutant 357 | -10/Materials | Entered another Materials area 357 | -9/Materials | Evolved 2 slots: Propulsion x1, Utility x1 577 | -9/Materials | Discovered new exit (range 6) 930 | -9/Materials | Repaired Seismic Detector 1053 | -9/Materials | Discovered new exit (range 15) 1069 | -9/Materials | Entered another Materials area 1069 | -8/Materials | Evolved 2 slots: Power x1, Utility x1 1120 | -8/Materials | Discovered new exit (range 16) 1241 | -8/Materials | Lost 3 parts (2p1n) 1262 | -8/Materials | Discovered new exit (range 11) 1394 | -8/Materials | Self-destructed Last Messages --------------- 01344_ Acquired 5 matter. 01344_ Kicked Y-45 Defender. 01350_ Y-45 Defender heat damages Lgt. Treads. 01350_ Kicked Y-45 Defender. 01350_ Imp. Heat Sink destroyed. 01351_ Kicked Y-45 Defender out of the way. 01352_ Kicked Y-45 Defender. 01357_ M-13 Machinist repairs G-47 Trooper. 01358_ Acquired 5 matter. 01358_ Y-45 Defender destroyed. 01359_ M-13 Machinist repairs G-47 Trooper Aluminum Leg. 01361_ Acquired 5 matter. 01361_ M-13 Machinist repairs G-47 Trooper Aluminum Leg. 01364_ System corrupted: Matter fused (-10). 01364_ Acquired Imp. Ion Engine. 01367_ Aluminum Leg destroyed. 01367_ Acquired Beam Rifle. 01370_ Acquired Lgt. Treads. 01375_ Imp. Ion Engine destroyed. 01391_ Dismantling Nuclear Reactor with Plasma Cutter. Map ----- +----------------------------------------------------+ | ??????????????????????????????????????# # | | ????????????????????????# # #?????## ###### | | ????????????????????????# # ###????# #????# | | ????????????????????????# + #????# #????# | | ????????????????????????# # #??#?# #????## | | ????????????????????????# # #????# #?????? | | ????????????????????????# # #????# #?????# | | ????????????????????????# # ###### #?????? | | ????????????????????????# # #?????? | | ????????????????????????###?## * #???#?? | | ????????????????????????# # """ #??#??? | | ???????????????????????## # """ #?????? | | ????????????????????????# # """ ######? | | ????????????????????#???# # #? | | ????????????????????????# + ## | | ?????????????????????#??# "" # !!! #? | | ????????????????????????# "T # !! "T" #? | | ???????????????????#????# "" # !! """ #? | | ????????????????????????# + #? | | ????????????????????????###### #? | | ?????????????????????????????# ############ #? | | ????????????????????????#######+########????# < #? | | ????????????????????????# %%! ##????# #? | | ??????????????????#?????# % " % #????#####? | | ????????????????????????#m""" """!"G" ##?????????? | | ????????????????????????#@""" """ " " #??????????? | | ???????????????????????##g"""%"""= % #????????#?? | | ???????????????????????##%Yg%%% #?#???????#? | | ????????????????????????###############??????????? | | | | | | | | | | | | | | | | | | | | | | | | | | | | | | | | | | | | | | | | | | | +----------------------------------------------------+ Best States ------------- Heat Dissipation 59 Energy Generation 23 Energy Capacity 415 Matter Stores 300 Matter Capacity 300 Sight Range 16 Terrain Scan Range 16 Terrain Scan Density 10 Evasion (%) 55 Recoil Reduction 1 Item Schematics ----------------- None Robot Schematics ------------------ None Fabricated ------------ Nothing Repaired ---------- Seismic Detector | 40% | -9/Materials Studied --------- None Alien Tech Used ----------------- None Achievements -------------- None Challenges ------------ None Game ------ Seed VoltaicGodProtection Manual? 0 Play Time 00:22:31 Cumulative 74.5 hours Start 2026.07.04 @ 13:58:16 End 2026.07.04 @ 14:33:58 Sessions 1 Manual Loads 0 Difficulty Rogue Special Mode None Game No. 119 Rogue 88 Adventurer 29 Explorer 2 Win Type - Total 0 Types 0/0/0/0/0/0/0/0/0/0 Lore% 13 Gallery% 33 Achievement% 23 Wizard Run 0 Options --------- Layout 1 ASCII 0 Keyboard 0 Movement Mouse Keybinds 0 Fullscreen 2 Font 24/Smallcaps Map View 76x35 Zoom Use 0% Tactical HUD 1 Map Filters NONE Filters NONE Steam 1 RUN: e7807c03-ae6a-4109-ac31-85d1c0a6474d